 Dungeon Crawl Stone Soup version 0.20-a0-1127-g1289703 (webtiles) character file.

19791 Lochraine the Party-goer (level 12, -12/67 HPs)
             Began as a Vine Stalker Fighter on May 18, 2017.
             Was a Priest of Uskayaw.
             Mangled by Snorg (13 damage)
             ... on level 4 of the Lair of Beasts.
             The game lasted 00:37:05 (12456 turns).

Lochraine the Party-goer (Vine Stalker Fighter)    Turns: 12456, Time: 00:37:06

Health: -12/67     AC: 16    Str: 27    XL:     12   Next: 72%
Magic:  0/29       EV:  9    Int:  8    God:    Uskayaw [***...]
Gold:   992        SH:  5    Dex: 16    Spells: 11/11 levels left

rFire    . . .     SeeInvis .   a - +1 dagger (elec)
rCold    . . .     Gourm    .   n - +0 buckler
rNeg     . . .     Faith    .   L - +0 plate armour
rPois    .         Spirit   +   s - +0 helmet
rElec    .         Reflect  .   O - +0 cloak
rCorr    .         Harm     .   (no gloves)
MR       +....                  (no boots)
Stlth    ..........             (no amulet)
Regen    1.1/turn               F - +2 ring of evasion
MPRegen  0.3/turn               r - ring of magical power

@: mighty
A: fangs 3, regeneration 2, magic shield, antimagic bite, no potion heal 3, rot
immunity
a: Stomp, Line Pass, Renounce Religion


You were on level 4 of the Lair of Beasts.
You worshipped Uskayaw.
Uskayaw was aware of your devotion.
You were not hungry.

You visited 3 branches of the dungeon, and saw 15 of its levels.
You also visited: Sewer.

You collected 992 gold pieces.

Inventory:

Hand Weapons
 a - a +1 dagger of electrocution (weapon)
   (You took it off an orc wizard on level 7 of the Dungeon)
 b - a +0 hunting sling
   (You found it on level 1 of the Dungeon)
 A - the +5 whip of Dishonour {slash, rElec Int+5}
   (You found it on level 6 of the Dungeon)

   It inflicts extra damage upon your enemies.
   It affects your intelligence (+5).
   It insulates you from electricity.
 Q - a +1 dagger of venom
   (You took it off Robin on level 2 of the Dungeon)
Missiles
 l - 60 sling bullets
Armour
 n - a +0 buckler (worn)
   (You found it on level 1 of the Dungeon)
 s - a +0 helmet (worn)
   (You took it off Robin on level 2 of the Dungeon)
 L - a +0 plate armour (worn)
   (You found it on level 6 of the Dungeon)
 O - a +0 cloak (worn)
   (You found it on level 7 of the Dungeon)
 R - a +0 shield
 U - a +0 pair of boots
   (You found it on level 1 of the Lair of Beasts)
Jewellery
 r - a ring of magical power (right hand)
   (You found it on level 8 of the Dungeon)
 F - a +2 ring of evasion (left hand)
   (You found it on level 4 of the Dungeon)
 G - an uncursed ring of protection from fire
   (You found it on level 4 of the Lair of Beasts)
Wands
 c - a wand of disintegration (0/24)
   (You found it on level 7 of the Dungeon)
 f - a wand of lightning (0/15)
   (You found it on level 6 of the Dungeon)
 t - a wand of flame (33/48)
   (You found it on level 3 of the Dungeon)
 v - a wand of digging (4/24)
   (You found it on level 9 of the Dungeon)
 x - a wand of acid (0/15)
   (You found it on level 8 of the Dungeon)
 y - a wand of confusion (0/48)
   (You found it on level 8 of the Dungeon)
 B - a wand of random effects (17/48)
   (You found it on level 6 of the Dungeon)
 K - a wand of flame (21/48)
   (You found it on level 1 of the Lair of Beasts)
 T - a wand of polymorph (5/24)
   (You took it off Grum on level 9 of the Dungeon)
 W - a wand of polymorph (9/24)
   (You took it off Sonja on level 2 of the Lair of Beasts)
Scrolls
 k - 6 scrolls of identify {@r1}
 m - 2 scrolls of teleportation {@r4}
 p - 4 scrolls of amnesia
 C - 3 scrolls of recharging
 I - a scroll of blinking
 M - 6 scrolls of remove curse {@r2}
 V - 2 scrolls of torment {!r}
Potions
 d - 3 potions of flight
 e - 4 potions of cancellation
 h - a potion of haste {unknown}
 i - a potion of resistance {unknown}
 j - a potion of degeneration {unknown}
 o - a potion of berserk rage {unknown}
 u - 3 potions of lignification {!q}
 w - a potion of mutation {unknown}
 D - 2 potions of magic
 N - 2 potions of ambrosia {unknown}
 P - 3 potions of heal wounds {@q2}
 X - 2 potions of invisibility {unknown}
Comestibles
 g - 5 royal jellies
 q - 8 bread rations
 z - 7 meat rations
 E - 3 fruits
 H - 6 chunks of flesh


   Skills:
 + Level 9.4 Fighting
 + Level 9.1 Short Blades
 - Level 5.1 Slings
 + Level 8.5 Armour
 - Level 4.0 Shields
 * Level 10.5 Invocations


You had 11 spell levels left.
You didn't know any spells.

Dungeon Overview and Level Annotations

Branches:
Dungeon (10/15)            Temple (1/1) D:6            Lair (4/6) D:9
  Swamp (0/4) Lair:2       Spider (0/4) Lair:2
    Orc: D:9-12

Altars:
Ashenzari
Elyvilon
Fedhas
Makhleb
Nemelex Xobeh
Okawaru
Ru
Sif Muna
Uskayaw
Wu Jian
Xom

Shops:
D:8 [

Annotations:
D:2 1 runed door
D:4 4 runed doors, MydosGodOfBeginnings's ghost, amateur OgWn
Lair:2 1 exclusion
Lair:4 Snorg


Innate Abilities, Weirdness & Mutations

You have razor-sharp teeth.
You heal very quickly.
When hurt, damage is shared between your health and your magic reserves.
Your bite disrupts and absorbs the magic of your enemies.
Potions cannot restore your health.
You are immune to rotting.


Message History

You kill the water moccasin!
You can now pass through a line of other dancers.
You hit Snorg. Your bite misses Snorg. You block Snorg's attack.
Snorg claws you but does no damage. Snorg barely misses you.
You feel very mighty all of a sudden. Snorg bites you but does no damage.
Snorg claws you but does no damage. You block Snorg's attack.
Snorg closely misses you. Snorg barely misses you. x2
You hit Snorg. You puncture Snorg! You bite Snorg! You drain her power.
Snorg barely misses you. Snorg claws you! x2
You puncture Snorg! Snorg closely misses you.
Snorg claws you but does no damage. Snorg completely misses you.
Uskayaw will force your foes to helplessly watch your dance.
You barely miss Snorg. You bite Snorg! You drain her power.
You feel invigorated. Snorg barely misses you. Snorg closely misses you.
Snorg claws you.
You hit Snorg. Lightning courses through Snorg! Your bite misses Snorg.
Snorg bites you! You block Snorg's attack. Snorg claws you!
You puncture Snorg! Your bite misses Snorg.
Uskayaw will force your foes to share their pain.
You puncture Snorg! You bite Snorg! You drain her power.
You feel invigorated. Snorg barely misses you.
Snorg claws you but does no damage. Snorg claws you!
You barely miss Snorg. You bite Snorg! You drain her power.
You feel invigorated. You block Snorg's attack. Snorg claws you! x2
* * * LOW HITPOINT WARNING * * *
You are too injured to fight recklessly!
You barely miss Snorg. You bite Snorg! You drain her power.
You feel invigorated. Snorg bites you. Snorg claws you but does no damage.
Snorg claws you!
* * * LOW HITPOINT WARNING * * *
You stomp with the beat, sending a shockwave through the revelers around you!
You feel somewhat more hungry.
Uskayaw will no longer force your foes to share their pain.
Snorg bites you!
* * * LOW HITPOINT WARNING * * *
Snorg claws you!
* * * LOW HITPOINT WARNING * * *
You block Snorg's attack.
Uskayaw will force your foes to share their pain.
You stomp with the beat, sending a shockwave through the revelers around you!
You feel somewhat more hungry.
Uskayaw will no longer force your foes to share their pain.
Snorg bites you!
* * * LOW HITPOINT WARNING * * *
Snorg claws you!
* * * LOW HITPOINT WARNING * * *
You block Snorg's attack. Snorg bites you but does no damage. Snorg claws you!
* * * LOW HITPOINT WARNING * * *
Snorg claws you!
You die...

...P......................#
..........................#
.......#..................#
..........................#
..........................#
#.........................#
...............#..#
.....:.T#...#.....#
.......#@.######..#
......##### #### ......
..... ..T.. ..^. ....


You could see Snorg (berserk).

Vanquished Creatures
  The ghost of dvd the Grappler, a journeyman TrMo of Wu Jian (Lair:1)
  A hydra (Lair:4)
  A queen ant (Lair:2)
  A two-headed ogre (D:9)
  Sonja (Lair:2)
  An orb spider (Lair:2)
  A deep elf mage (D:7)
  2 black mambas (Lair:4)
  A rime drake (Lair:4)
  6 spiny frogs
  A komodo dragon (Lair:3)
  A hippogriff (Lair:2)
  3 wyverns
  14 yaks
  Eustachio (D:6)
  A basilisk (Lair:3)
  4 vampire mosquitoes (Lair:2)
  A steam dragon (D:8)
  Grum (D:9)
  18 soldier ants (Lair:3)
  Duvessa (D:7)
  3 water moccasins
  5 porcupines
  2 ice beasts
  2 orc warriors (D:7)
  A black bear (Lair:3)
  A necrophage (D:8)
  6 ogres
  11 wolves
  4 centaurs
  6 crocodiles
  6 big kobolds
  5 bullfrogs
  3 scorpions
  Dowan (D:7)
  9 killer bees
  5 electric eels (D:6)
  2 crimson imps
  A bullfrog zombie (D:8)
  3 hounds
  5 orc priests
  2 bullfrog skeletons
  A gnoll shaman (D:7)
  14 orc wizards
  5 iguanas
  30 worker ants
  2 hound zombies (D:5)
  A mummy (D:4)
  Robin (D:2)
  12 adders
  19 gnolls
  2 river rats
  2 shadow imps
  4 worms
  An adder skeleton (D:5)
  An adder zombie (D:7)
  2 dart slugs (D:3)
  4 leopard geckos
  48 orcs
  6 giant cockroaches
  13 hobgoblins
  10 jackals
  4 quokkas
  A ball python (D:1)
  4 bats
  4 frilled lizards
  11 goblins
  A jackal skeleton (D:4)
  55 kobolds
  A kobold zombie (D:4)
  An orc zombie (D:4)
  9 rats
  A plant (D:3)
415 creatures vanquished.

Vanquished Creatures (others)
  2 fungi
2 creatures vanquished.

Grand Total: 417 creatures vanquished

Notes
Turn   | Place    | Note
-------+----------+-------------------------------------------
     0 | D:1      | Lochraine the Vine Stalker Fighter began the quest for the Orb.
     0 | D:1      | Reached XP level 1. HP: 11/11 MP: 2/2
   224 | D:1      | Reached XP level 2. HP: 16/16 MP: 3/3
   787 | D:2      | Reached XP level 3. HP: 15/19 MP: 4/4
   792 | D:2      | Noticed Robin
   801 | D:2      | Killed Robin
  1547 | D:2      | Gained mutation: Your natural rate of healing is unusually fast. [Vine Stalker growth]
  1547 | D:2      | Reached XP level 4. HP: 17/24 MP: 2/5
  1570 | D:2      | Found a runed door.
  1921 | D:2      | Reached skill level 1 in Slings
  1921 | D:2      | Reached XP level 5. HP: 4/28 MP: 6/6
  2048 | D:3      | Found a glowing drain.
  2071 | Sewer    | Entered a sewer
  2151 | Sewer    | Noticed a big kobold
  2182 | Sewer    | Killed a big kobold
  2182 | Sewer    | Reached XP level 6. HP: 32/32 MP: 5/7
  2229 | Sewer    | Found a white marble altar of Elyvilon.
  2972 | D:4      | Noticed MydosGodOfBeginnings's ghost (amateur OgWn)
  3097 | D:4      | Found a large runed door.
  3097 | D:4      | Found a large runed door.
  3220 | D:4      | Reached XP level 7. HP: 28/37 MP: 5/8
  3342 | D:4      | Found a large runed door.
  3342 | D:4      | Found a large runed door.
  3442 | D:4      | Got a colourful robe
  3453 | D:4      | Identified the cursed +0 robe of the Doldrums {rC+} (You found it on level 4 of the Dungeon)
  3887 | D:5      | Entered Level 5 of the Dungeon
  3915 | D:5      | Found a shimmering altar of Xom.
  3918 | D:5      | Found a shimmering altar of Xom.
  3918 | D:5      | Found a shimmering altar of Xom.
  3920 | D:5      | Found a shimmering altar of Xom.
  3920 | D:5      | Found a shimmering altar of Xom.
  3920 | D:5      | Found a shimmering altar of Xom.
  4469 | D:5      | Found a shimmering altar of Xom.
  4711 | D:5      | Gained mutation: You have razor-sharp teeth. [Vine Stalker growth]
  4711 | D:5      | Reached XP level 8. HP: 42/42 MP: 9/9
  4795 | D:6      | Noticed Eustachio
  4807 | D:6      | Killed Eustachio
  4816 | D:6      | Got a translucent whip
  4827 | D:6      | Identified the +5 whip of Dishonour {slash, rElec Int+5} (You found it on level 6 of the Dungeon)
  4913 | D:6      | Found an ornate altar of the Wu Jian Council.
  5243 | D:6      | Reached skill level 5 in Slings
  5339 | D:6      | Reached skill level 5 in Fighting
  5482 | D:6      | Reached skill level 5 in Short Blades
  5579 | D:6      | Got an opalescent robe
  5595 | D:6      | Identified the +2 robe of Responsibility {rF+ rC+ rCorr Stlth+} (You found it on level 6 of the Dungeon)
  5672 | D:6      | Reached XP level 9. HP: 46/47 MP: 10/10
  5753 | D:6      | Reached skill level 5 in Armour
  6065 | D:6      | Found a staircase to the Ecumenical Temple.
  6071 | Temple   | Entered the Ecumenical Temple
  6094 | Temple   | Became a worshipper of Uskayaw the Reveler
  6167 | D:6      | Reached * piety under Uskayaw
  6181 | D:6      | Reached ** piety under Uskayaw
  6497 | D:7      | Reached *** piety under Uskayaw
  6630 | D:7      | Noticed a deep elf mage
  6682 | D:7      | Killed a deep elf mage
  6682 | D:7      | Reached skill level 2 in Invocations
  6777 | D:7      | Reached skill level 3 in Invocations
  6852 | D:7      | Noticed Duvessa
  6853 | D:7      | Noticed Dowan
  6862 | D:7      | Killed Dowan
  6863 | D:7      | Killed Duvessa
  6863 | D:7      | Reached XP level 10. HP: 51/53 MP: 11/13
  6864 | D:7      | Reached **** piety under Uskayaw
  6887 | D:7      | Reached ***** piety under Uskayaw
  6906 | D:7      | Reached skill level 4 in Invocations
  7023 | D:7      | Found a white marble altar of Elyvilon.
  7023 | D:7      | Found an iron altar of Okawaru.
  7024 | D:7      | Found a burning altar of Makhleb.
  7902 | D:8      | Reached skill level 5 in Invocations
  7996 | D:8      | Found Juacso Pab's Antique Armour Emporium.
  8114 | D:9      | Found a deep blue altar of Sif Muna.
  8187 | D:9      | Found a shattered altar of Ashenzari.
  8401 | D:9      | Noticed a two-headed ogre
  8521 | D:9      | Noticed Grum
  8527 | D:9      | Killed Grum
  8560 | D:9      | Found a staircase to the Lair.
  8708 | D:9      | Reached skill level 6 in Invocations
  8763 | D:9      | Killed a two-headed ogre
  8843 | D:10     | Entered Level 10 of the Dungeon
  8852 | Lair:1   | Entered Level 1 of the Lair of Beasts
  8871 | Lair:1   | Noticed a spiny frog
  8887 | Lair:1   | Killed a spiny frog
  8994 | Lair:1   | Reached XP level 11. HP: 56/58 MP: 17/17
  9008 | Lair:1   | Noticed Sonja
  9140 | Lair:1   | Noticed dvd's ghost (journeyman TrMo)
  9198 | Lair:1   | Killed dvd's ghost
  9198 | Lair:1   | Reached skill level 7 in Invocations
  9792 | Lair:2   | Killed Sonja
  9893 | Lair:2   | Noticed an orb spider
  9942 | Lair:2   | Found a labyrinth entrance.
 10042 | Lair:2   | Reached skill level 8 in Invocations
 10099 | Lair:2   | Found a hole to the Spider Nest.
 10278 | Lair:2   | Found a staircase to the Swamp.
 10628 | Lair:2   | Killed an orb spider
 10744 | Lair:3   | Reached ****** piety under Uskayaw
 10745 | Lair:3   | Reached skill level 9 in Invocations
 10911 | Lair:3   | Noticed a queen ant
 10928 | Lair:3   | Gained mutation: You heal very quickly. [Vine Stalker growth]
 10928 | Lair:3   | Reached XP level 12. HP: 50/65 MP: 19/19
 10946 | Lair:2   | Killed a queen ant
 11686 | Lair:3   | Reached skill level 10 in Invocations
 12004 | Lair:4   | Noticed an eight-headed hydra
 12192 | Lair:4   | Killed an eight-headed hydra
 12432 | Lair:4   | Noticed Snorg
 12456 | Lair:4   | HP: 1/67 [Snorg (4)]
 12456 | Lair:4   | Mangled by Snorg

Vault maps used:
D:1:      kennysheep_arrival_seaside
D:2:      uniq_crazy_yiuf_cottage, uniq_robin
D:3:      cheibrodos_sewer_entry_sluice, lexackson_kobold_supper
D:4:      nicolae_ossuary_entry_giza, minmay_misc_feat_room,
          minmay_hollow_rounded_squares
D:5:      nicolae_xom_altar_mimics, first_bread
D:6:      minmay_goblin_kobold_castle, old_standard_altar,
          minmay_temple_entry_fiery, uniq_eustachio
D:7:      gammafunk_temple_overflow_claw, uniq_duvessa
D:8:      serial_shops, shop, serial_curves, eino_curves_02, eino_curves_02
D:9:      evilmike_ruin_ashenzari, nicolae_overflow_crystal_walls,
          lair_entry_dummy, uniq_grum
D:10:     erik_orc_2
Temple:   regret_index_temple_waves
Lair:1:   infiniplex_staircase_pool_2, uniq_sonja
Lair:2:   minmay_swamp_entry_swarm, nicolae_spider_entry_orb_guardian,
          lab_entry_generic, serial_bayou_shore_a, grunt_megastairs_2
Lair:3:   st_stairs_11, minivault_19, zaba_anthell, grunt_megastairs_1
Lair:4:   uniq_snorg
Sewer:    sewer_kobolds

Skill      XL: |  1  2  3  4  5  6  7  8  9 10 11 12 |
---------------+-------------------------------------+-----
Short Blades   | 2 3 4 5 6 7 8 9 |  9.1
Fighting       | 3 4 5 6 7 8 9 |  9.4
Shields        | 3 4 |  4.0
Slings         | 1 2 3 5 |  5.1
Armour         | 3 4 6 7 8 |  8.5
Invocations    | 3 6 9 10 | 10.5

Action                   |  1- 3 |  4- 6 |  7- 9 | 10-12 || total
-------------------------+-------+-------+-------+-------++-------
Melee: Rapier            |    20 |       |       |       ||    20
       Bite              |     3 |    50 |   152 |   256 ||   461
       Dagger            |       |   115 |   399 |   700 ||  1214
       Whip              |       |       |    14 |       ||    14
 Fire: Hunting sling     |   123 |   165 |   187 |       ||   475
Invok: Stomp             |       |       |       |     4 ||     4
Evoke: Wand              |       |       |    13 |    21 ||    34
  Use: Potion            |       |     1 |       |     9 ||    10
       Scroll            |       |       |    10 |     9 ||    19
 Stab: Paralysed         |       |       |     1 |    35 ||    36
  Eat: Chunk             |     2 |     5 |    12 |    19 ||    38
Armor: Scale mail        |    23 |    54 |    25 |       ||   102
       Robe              |       |       |    12 |       ||    12
       Plate armour      |       |       |   106 |   244 ||   350
Dodge: Dodged            |    23 |    57 |   215 |   168 ||   463
Block: Shield            |     5 |       |       |       ||     5
       Buckler           |     8 |    39 |   101 |   118 ||   266
